 Dungeon Crawl Stone Soup version 0.31-a0-971-g75a2e9a4b4 (webtiles) character file.

Game seed: 15221793316492383691

2275 Dordric the Thaumaturge (level 9, 0/57 HPs)
             Began as a Mummy Necromancer on Oct 28, 2023.
             Killed by divine providence
             ... invoked by an orc priest
              (14 damage)
             ... on level 7 of the Dungeon.
             The game lasted 00:15:54 (11986 turns).

Dordric the Thaumaturge (Mummy Necromancer)        Turns: 11986, Time: 00:15:55

Health: 0/57       AC:  7    Str: 11      XL:     9   Next: 16%
Magic:  11/23      EV: 11    Int: 18      God:
Gold:   612        SH:  5    Dex:  5 (19) Spells: 16/29 levels left

rFire   x . .        d - +0 dagger (drain)
rCold   + . .        (no shield)
rNeg    + + +        a - +0 robe
rPois   ∞            (no helmet)
rElec   .            (no cloak)
rCorr   .            (no gloves)
SInv    .            g - +0 pair of boots
Will    +....        i - amulet of reflection
Stlth   +            o - +6 ring of dexterity
HPRegen 0.29/turn    s - +4 ring of protection
MPRegen 0.18/turn

%: reflection, faith
@: animating dead
A: cold resistance 1, negative energy resistance 3, torment resistance 2, heat
vulnerability 1, in touch with death 1, no potions, faith
a: no special abilities


You were on level 7 of the Dungeon.
You visited 1 branch of the dungeon, and saw 7 of its levels.

You collected 612 gold pieces.

Inventory:

Hand Weapons
 d - a +0 dagger of draining (weapon)
Missiles
 n - a throwing net
Armour
 a - a +0 robe (worn)
 g - a +0 pair of boots (worn)
Jewellery
 i - an amulet of reflection (around neck)
 o - a +6 ring of dexterity (left hand)
 p - a ring of resist corrosion
 s - a +4 ring of protection (right hand)
Wands
 t - a wand of flame (48)
Scrolls
 b - 4 scrolls of revelation {unknown}
 c - 4 scrolls of identify {unknown}
 e - 2 scrolls of noise {unknown}
 f - 4 scrolls of fog {unknown}
 h - 2 scrolls of teleportation {unknown}
 j - 2 scrolls of vulnerability {unknown}
 k - a scroll of torment {unknown}
 l - 3 scrolls of poison {unknown}
 m - a scroll of amnesia {unknown}
 q - a scroll of blinking {unknown}
 r - a scroll of acquirement {unknown}


   Skills:
 - Level 1.5 Dodging
 - Level 1.5 Stealth
 + Level 10.7 Spellcasting
 + Level 9.6 Necromancy


You had 16 spell levels left.
You knew the following spells:

 Your Spells              Type           Power      Damage    Failure   Level
a - Necrotise             Necr           100%       1d9       1%          1
b - Kiss of Death         Conj/Necr      100%       2d13      1%          1
c - Vampiric Draining     Necr           60%        2d10      1%          3
d - Animate Dead          Necr           60%        N/A       1%          4
e - Anguish               Hex/Necr       20%        N/A       11%         4

Your spell library contained the following spells:

 Spells                   Type           Power      Damage    Failure   Level
 Dispel Undead            Necr           60%        3d21      1%          4
 Agony                    Necr           60%        N/A       4%          5
 Confusing Touch          Hex            9%         N/A       22%         3
 Dazzling Flash           Conj/Hex       18%        N/A       22%         3
 Frozen Ramparts          Ice            18%        1d3       22%         3
 Brom's Barrelling Bould  Conj/Erth      9%         2d3       58%         4
 Cause Fear               Hex            4%         N/A       58%         4
 Petrify                  Tmut/Erth      9%         N/A       58%         4
 Fireball                 Conj/Fire      4%         3d4       90%         5
 Iskenderun's Battlesphe  Conj           9%         2d6       90%         5
 Metabolic Englaciation   Hex/Ice        4%         N/A       90%         5
 Silence                  Hex/Air        4%         N/A       90%         5
 Conjure Ball Lightning   Conj/Air       4%         3x3d6     100%        6
 Enfeeble                 Hex            4%         N/A       100%        7
 Orb of Destruction       Conj           4%         9d5       100%        7


Dungeon Overview and Level Annotations

Branches:
Dungeon (7/15)
 Temple: D:4-7

Altars:
Fedhas
Hepliaklqana
Xom

Shops:
D:1 !


Innate Abilities, Weirdness & Mutations

You are immune to poison.
Your flesh is cold resistant. (rC+)
You are immune to negative energy. (rN+++)
You are immune to unholy pain and torment.
You are vulnerable to heat. (rF-)
You are in touch with the powers of death.
You do not drink.
You have a special connection with the divine. (Faith)


Message History

You hit the orc priest but do no damage.
The orc priest is lightly wounded.
Your orc priest zombie hits the orc priest but does no damage.
The orc priest hits you with a +0 dagger of freezing.
Something hits you. Something shocks you.
* * * LOW HITPOINT WARNING * * *
Your orc wizard zombie closely misses the orc priest.
Something hits you but does no damage.
The orc priest hits you with a +0 dagger of freezing.
* * * LOW HITPOINT WARNING * * *
Your orc priest zombie hits the orc priest but does no damage.
Your orc wizard zombie barely misses the orc priest.
Your orc priest zombie hits something.
You hit the demonic plant.
The demonic plant begins to die.
You drain the demonic plant.
The demonic plant is lightly damaged.
The orc priest barely misses you.
A sky beast appears from thin air!
Reactivating autopickup.
The sky beast barely misses you.
Your orc wizard zombie closely misses the sky beast.
Your magical contamination has completely faded away.
A nearby demonic plant withers and dies.
The orc priest attacks as it pursues you!
The orc priest hits you but does no damage.
The sky beast flickers out of sight!
Deactivating autopickup; reactivate with Ctrl-A.
Your orc priest zombie hits the orc priest but does no damage.
Something hits your orc priest zombie.
Something shocks your orc priest zombie.
The orc priest hits your orc priest zombie with a +0 dagger of freezing.
Your orc priest zombie hits the orc priest but does no damage.
The orc priest hits your orc priest zombie with a +0 dagger of freezing.
Casting: Anguish (dangerous; 11% risk of failure)
Confirm with . or Enter, or press ? or * to list all spells.
Casting: Anguish (dangerous; 11% risk of failure)
Press: ? - help, Dir - look around, f - activate You feel a surge of power!
The orc priest is haunted by guilt!
The orc priest mumbles some strange prayers to Beogh against you.
Beogh smites you!
You die...

... .#....................##
.....#....................#
.... '....................#
#....#......).............#
#....#....................#
#........ ##.....###+###.#####
#.......+###.....###..##.##...
.....∩...........#(!..........
.............@...#....>.......
#.........)).....#...(........
#...'.......≈≈Z..#............
....#....>..≈≈Zo.#............
....#......P.....#............
... #......%.....#............
## ##########################


You could see an orc priest (ally target, anguished), a friendly orc priest
zombie and a friendly orc wizard zombie.

Vanquished Creatures
  Grinder (D:4)
  A black bear (D:4)
  4 ice beasts
  An ogre (D:6)
  A scorpion (D:5)
  4 jellies
  A howler monkey (D:6)
  4 hounds
  2 orc priests
  5 iguanas
  2 orc wizards
  20 gnolls
  5 adders
  A white imp (D:5)
  3 worms (D:3)
  A dart slug (D:3)
  13 orcs
  2 ball pythons
  7 endoplasms
  5 giant cockroaches
  3 goblins
  6 hobgoblins
  2 jackals (D:5)
  5 quokkas
  10 bats
  4 frilled lizards
  5 kobolds
  6 rats
124 creatures vanquished.

Vanquished Creatures (collateral kills)
  A sky beast (D:6)
  2 ogres (D:6)
  An orc priest (D:6)
  A sleepcap (D:6)
  2 gnolls
  An orc (D:6)
  A jackal (D:5)
9 creatures vanquished.

Vanquished Creatures (others)
  A gnoll sergeant (D:6)
  2 quasits (D:6)
  3 orc priests (D:6)
  An orc wizard (D:5)
  A scorpion zombie (D:5)
  An ice beast zombie (D:5)
  A gnoll (D:6)
  A white imp (D:7)
  3 ufetubi (D:7)
  2 iguana zombies (D:6)
  An orc zombie (D:5)
  2 gnoll zombies (D:5)
19 creatures vanquished.

Grand Total: 152 creatures vanquished

Notes
Turn   | Place    | Note
-------+----------+-------------------------------------------
     0 | D:1      | Dordric the Mummy Necromancer began the quest for the Orb.
     0 | D:1      | Reached XP level 1. HP: 13/13 MP: 4/4
   141 | D:1      | Found Xoap Luc's Distillery.
   157 | D:1      | Reached skill level 3 in Spellcasting
   276 | D:1      | Reached XP level 2. HP: 18/19 MP: 6/6
  1012 | D:2      | Reached XP level 3. HP: 24/24 MP: 4/8
  1712 | D:3      | Learned a level 1 spell: Kiss of Death
  1716 | D:3      | Learned a level 3 spell: Vampiric Draining
  1829 | D:3      | Reached skill level 4 in Spellcasting
  2096 | D:3      | Reached XP level 4. HP: 30/30 MP: 7/10
  2151 | D:3      | Reached skill level 5 in Necromancy
  2241 | D:3      | Learned a level 4 spell: Animate Dead
  2776 | D:3      | Reached skill level 5 in Spellcasting
  2776 | D:3      | Reached XP level 5. HP: 27/35 MP: 1/12
  3278 | D:3      | Found a hazy altar of Hepliaklqana.
  3705 | D:4      | Noticed Grinder
  3737 | D:4      | Paralysed by Grinder for 2 turns
  3820 | D:4      | Found a shimmering altar of Xom.
  4166 | D:4      | Noticed a black bear
  4171 | D:4      | Killed a black bear
  4172 | D:4      | Reached skill level 6 in Spellcasting
  4172 | D:4      | Reached XP level 6. HP: 28/40 MP: 4/15
  4646 | D:4      | Learned a level 4 spell: Anguish
  4718 | D:4      | Paralysed by Grinder for 3 turns
  4735 | D:4      | Paralysed by Grinder for 3 turns
  4739 | D:4      | Killed Grinder
  4740 | D:4      | Reached XP level 7. HP: 5/46 MP: 7/17
  5053 | D:5      | Entered Level 5 of the Dungeon
  5197 | D:5      | Reached skill level 7 in Spellcasting
  6195 | D:5      | Reached skill level 8 in Spellcasting
  6215 | D:5      | Reached XP level 8. HP: 40/52 MP: 2/20
  6964 | D:6      | Reached skill level 9 in Spellcasting
  7129 | D:6      | Found a blossoming altar of Fedhas.
  7845 | D:6      | Reached skill level 10 in Spellcasting
  8060 | D:6      | Reached XP level 9. HP: 54/57 MP: 18/23
  8888 | D:6      | Lost dexterity.
 11986 | D:7      | Killed from afar by an orc priest

Illustrated notes

Levels and vault maps discovered:
D:1:      grunt_arrival_lava_bath, layout_loops_cross, serial_shops,
          nicolae_shop_industrial_runoff
D:2:      layout_loops_ring
D:3:      minmay_thinvault, layout_loops_corners,
          worldfamousw_hep_ancestral_shrine
D:4:      layout_basic, mainiacjoe_overflow_paths, old_standard_altar,
          uniq_grinder
D:5:      minmay_angry_zag, layout_basic, serial_corexii_hall,
          corexii_hall_statues_l, corexii_hall_statues_deadend,
          skrybe_limestone_x
D:6:      layout_basic, amcnicky_altar_gilded, nicolae_tricolors
D:7:      layout_gridville, minmay_temple_entry_proselytizer, serial_demonic,
          serial_demonic_d, serial_demonic_g, serial_demonic_f,
          serial_demonic_g, serial_demonic_c

Skill      XL: |  1  2  3  4  5  6  7  8 |
---------------+-------------------------+-----
Spellcasting   | 3 4 5 6 8 10 | 10.7
Necromancy     | 5 6 7 9 |  9.6
Dodging        | |  1.5
Stealth        | |  1.5

Action                     |  1- 3 |  4- 6 |  7- 9 || total
---------------------------+-------+-------+-------++-------
  Melee: Dagger            |    23 |    33 |    92 ||   148
         Unarmed           |     3 |       |       ||     3
         Punch             |       |     1 |       ||     1
   Cast: Necrotise         |    63 |    47 |   142 ||   252
         Vampiric Draining |     2 |    21 |    21 ||    44
         Kiss of Death     |       |     2 |       ||     2
         Anguish           |       |     2 |    10 ||    12
         Animate Dead      |       |       |     8 ||     8
   Stab: Distracted        |       |       |     2 ||     2
 Armour: Robe              |    21 |    35 |   211 ||   267
  Dodge: Dodged            |    23 |    47 |   136 ||   206
  Block: Other             |       |       |     1 ||     1

Table legend: (Time is in decaauts)
 A = Elapsed time spent in this place.
 B = Non-inter-level travel time spent in this place.
 C = Inter-level travel time spent in this place.
 D = Time resting spent in this place.
 E = Time spent auto-exploring this place.
 F = Levels seen in this place.
 G = Mean time per level.
                   A        B        C        D        E       F      G
               +--------+--------+--------+--------+--------+-----+--------+
         Total |  13532 |  13346 |    186 |   4725 |   7329 |   7 | 1933.1 |
       Dungeon |  13532 |  13346 |    186 |   4725 |   7329 |   7 | 1933.1 |
               +--------+--------+--------+--------+--------+-----+--------+

Top non-repeatable levels by time:
     D:6: 6303 daAuts
     D:3: 2004 daAuts
     D:5: 1659 daAuts
     D:4: 1377 daAuts
     D:2: 872 daAuts
     D:1: 800 daAuts
     D:7: 514 daAuts
